 Dungeon Crawl Stone Soup version 0.31.0-9-g3a7656b989 (webtiles) character file.

Game seed: 18226991292792107531

89 qw the Shooter (level 4, -9/25 HPs)
             Began as a Deep Elf Hunter on Feb 2, 2024.
             Was an Initiate of Okawaru.
             Mangled by an ogre
             ... wielding a +0 giant club
              (21 damage)
             ... on level 4 of the Dungeon.
             The game lasted 00:00:08 (1603 turns).

qw the Shooter (Deep Elf Hunter)                    Turns: 1603, Time: 00:00:08

Health: -9/25      AC:  6    Str: 10    XL:     4   Next: 31%
Magic:  6/6        EV: 11    Int: 14    God:    Okawaru [......]
Gold:   48         SH:  0    Dex: 18    Spells: 3/3 levels left

rFire   . . .        a - +2 shortbow
rCold   . . .        (shield currently unavailable)
rNeg    . . .        j - +0 ring mail
rPois   +            c - +0 helmet
rElec   .            (no cloak)
rCorr   .            (no gloves)
SInv    .            (no boots)
Will    .....        (no amulet)
Stlth   +            f - ring of poison resistance
HPRegen 0.24/turn    (no ring)
MPRegen 0.10/turn

%: no passive effects
@: no status effects
A: no striking features
a: Renounce Religion


You were on level 4 of the Dungeon.
You worshipped Okawaru.
Okawaru was noncommittal.
You visited 1 branch of the dungeon, and saw 5 of its levels.

You collected 48 gold pieces.


   Skills:
 - Level 1.5 Fighting
 + Level 7.7 Ranged Weapons
 - Level 2.4 Dodging
 - Level 1.2 Stealth


You had 3 spell levels left.
You didn't know any spells.
Your spell library was empty.

Inventory:

Hand Weapons
 a - a +2 shortbow (weapon)
Armour
 c - a +0 helmet (worn)
 j - a +0 ring mail (worn)
Jewellery
 f - a ring of poison resistance (left hand)
 g - a ring of ice
Scrolls
 b - a scroll of noise {unknown}
 k - a scroll of teleportation
Potions
 d - a potion of heal wounds
 e - a potion of enlightenment
 h - 2 potions of mutation

Dungeon Overview and Level Annotations

Branches:
Dungeon (5/15)
 Temple: D:4-7

Altars:
Nemelex Xobeh
Okawaru


Message History

You open the door.
There is an open door here.
Found a stone staircase leading down.
b - a scroll labelled GUHEJA VAOFI An orc warrior, an orc and an ogre come into view.
The orc warrior is wielding a +0 trident of venom.
The ogre shouts!
Enter note:
Enter note:
1592 ||| RETREEEEATING.
The orc warrior shouts!
Enter note:
1593 ||| RETREEEEATING.
Enter note: You shoot an arrow.
The arrow hits the ogre.
The ogre is lightly wounded.
You shoot an arrow. The arrow hits the ogre.
The ogre is lightly wounded.
The orc warrior throws a boomerang.
The boomerang barely misses you.
An orc comes into view. It is wielding a +0 dagger.
1596 ||| RETREEEEATING.
Enter note: You shoot an arrow.
The arrow hits the ogre.
The ogre is moderately wounded.
1598 ||| RETREEEEATING.
Enter note: You shoot an arrow.
The arrow hits the ogre!
The ogre is heavily wounded.
You shoot an arrow. The arrow barely misses the ogre.
The ogre hits you with a +0 giant club!
Ouch! That really hurt!
1601 ||| RETREEEEATING.
The ogre attacks as it pursues you! The ogre closely misses you.
Enter note:
1602 ||| RETREEEEATING.
You shoot an arrow. The arrow barely misses the ogre.
The arrow barely misses the orc.
The ogre hits you with a +0 giant club!!
Ouch! That really hurt!
You die...

##..###..# ##..##.##..
##..##.^.##. #############
##..##.._^.## #...........#
#..##.......# #...........#
#.##..^...... #........o..#
##.#..^#####^.
#.........oO####..##.'#.#.#'^
#.....######@......###..#..##
.....o. #...........###...
....... #...............#.
....... #............##...
..o....#######'####......####.
....o..#>...##....#......# #.
.......#..........+......# #.
#..........#......# #.
#..........#......# #.


You could see an orc warrior, an ogre and an orc.

Vanquished Creatures
  Robin (D:2)
  2 adders (D:2)
  A dart slug (D:1)
  A ribbon worm (D:2)
  An orc (D:3)
  A giant cockroach (D:2)
  11 goblins
  6 hobgoblins
  2 jackals (D:2)
  2 quokkas (D:1)
  7 ball pythons
  5 bats
  3 frilled lizards
  7 kobolds
  5 rats (D:1)
55 creatures vanquished.

Notes
Turn   | Place    | Note
-------+----------+-------------------------------------------
     0 | D:1      | qw the Deep Elf Hunter began the quest for the Orb.
     0 | D:1      | Reached XP level 1. HP: 12/12 MP: 3/3
     0 | D:1      | 0 ||| qw: Version: 0.3-a-155-g5e7d8dd
     0 | D:1      | 0 ||| qw: Game counter: 2773
     0 | D:1      | 0 ||| qw: Melee chars always use a shield: true
     0 | D:1      | 0 ||| qw: God list: Okawaru
     0 | D:1      | 0 ||| qw: Allow faded altars: false
     0 | D:1      | 0 ||| qw: Do Orc after clearing Dungeon:15 true
     0 | D:1      | 0 ||| qw: Do second Lair branch before Depths: true
     0 | D:1      | 0 ||| qw: Lair rune preference: random
     0 | D:1      | 0 ||| qw: Goals: Normal
     0 | D:1      | 0 ||| PLANNING D:1-11
   182 | D:1      | Reached skill level 6 in Ranged Weapons
   182 | D:1      | Reached XP level 2. HP: 10/16 MP: 4/4
   332 | D:1      | HP: 4/16 [quokka (3)]
   453 | D:1      | Found a faded altar of an unknown god.
   667 | D:1      | 667 ||| READING scroll labelled JOHUULAIWO.
   668 | D:1      | 668 ||| READING scroll labelled COMUHO YSHUIFI.
   669 | D:1      | 669 ||| READING scroll labelled PEAKKI MECI.
   674 | D:1      | 674 ||| READING 3 scrolls labelled FYELIUZIDE.
   674 | D:1      | 674 ||| IDENTIFYING puce potion
   675 | D:1      | 675 ||| READING 2 scrolls of identify.
   675 | D:1      | 675 ||| IDENTIFYING clear potion
   676 | D:1      | 676 ||| READING scroll of identify.
   676 | D:1      | 676 ||| IDENTIFYING scroll labelled PUHUSTR LISUEF
   677 | D:1      | 677 ||| READING scroll of enchant weapon.
   677 | D:1      | 677 ||| ENCHANTING +0 shortbow.
   678 | D:1      | 678 ||| READING scroll labelled WOPEUT SET ODE.
   779 | D:1      | 779 ||| DROPPING scroll of butterflies.
   871 | D:2      | Reached XP level 3. HP: 20/20 MP: 5/5
   876 | D:2      | 876 ||| READING scroll of enchant weapon.
   876 | D:2      | 876 ||| ENCHANTING +1 shortbow.
   921 | D:2      | Reached skill level 7 in Ranged Weapons
   958 | D:2      | Found an iron altar of Okawaru.
   959 | D:2      | 959 ||| PLANNING OKAWARU WORSHIP
   959 | D:2      | 959 ||| UPGRADING to +0 ring mail.
   969 | D:2      | 969 ||| DROPPING +0 leather armour.
   970 | D:2      | 970 ||| UPGRADING to ring of poison resistance.
   971 | D:2      | 971 ||| READING scroll of identify.
   971 | D:2      | 971 ||| IDENTIFYING 2 fuming green potions
   972 | D:2      | 972 ||| READING scroll labelled JATUCSOPPO.
   982 | D:2      | Became a worshipper of Warmaster Okawaru
   983 | D:2      | 983 ||| PLANNING D:1-11
  1055 | D:2      | Noticed Robin
  1066 | D:2      | Reached XP level 4. HP: 25/25 MP: 6/6
  1086 | D:2      | Killed Robin
  1392 | D:2      | 1392 ||| UPGRADING to +0 helmet.
  1397 | D:2      | 1397 ||| READING scroll labelled GUZANOEWNE.
  1511 | D:3      | You fall into a shaft and drop 2 floors!
  1511 | D:5      | Entered Level 5 of the Dungeon
  1512 | D:5      | 1512 ||| READING scroll labelled ZOIKIS ZOECWAT.
  1538 | D:4      | Found a sparkling altar of Nemelex Xobeh.
  1591 | D:4      | Noticed an orc warrior
  1591 | D:4      | Noticed an ogre
  1592 | D:4      | 1592 ||| RETREEEEATING.
  1593 | D:4      | 1593 ||| RETREEEEATING.
  1596 | D:4      | 1596 ||| RETREEEEATING.
  1598 | D:4      | 1598 ||| RETREEEEATING.
  1601 | D:4      | 1601 ||| RETREEEEATING.
  1602 | D:4      | 1602 ||| RETREEEEATING.
  1603 | D:4      | Mangled by an ogre

Levels and vault maps discovered:
D:1:      dpeg_arrival_windows_large_door, layout_basic,
          ebering_ecumenical_altar_rust
D:2:      layout_rooms, basic_altar, uniq_robin
D:3:      layout_basic, nicolae_tso_besieged_by_evil
D:4:      layout_gridville, overflow_temple_1_default,
          nemelex_spade_bored_becter
D:5:      layout_loops_ring, grunt_qazlal_clouds, supply_closet_lemuel,
          minmay_misc_feat_roman, hangedman_decor_points,
          minmay_misc_feat_pillars

Skill      XL: |  1  2  3 |
---------------+----------+-----
Ranged Weapons | 6 7 |  7.7
Fighting       | |  1.5
Dodging        | |  2.4
Stealth        | |  1.2

Action                     |  1- 3 |  4- 6 || total
---------------------------+-------+-------++-------
   Fire: Shortbow          |   106 |    31 ||   137
    Use: Scroll            |    11 |     2 ||    13
 Armour: Leather armour    |    19 |       ||    19
         Ring mail         |     2 |    13 ||    15
  Dodge: Dodged            |    11 |     7 ||    18

Table legend:
 A = Non-vault XP
 B = Vault XP
 C = Vault XP percentage of total XP
 D = Non-vault monster count
 E = Vault monster count
 F = Vault count percentage of total count
                 A         B        C        D         E       F
            +---------+---------+-------+---------+---------+-------
      Total |      91 |      37 |  28.9 |      43 |      12 |  21.8
            +---------+---------+-------+---------+---------+-------
        D:1 |      33 |       0 |   0.0 |      23 |       0 |   0.0
        D:2 |      53 |      37 |  41.1 |      18 |      12 |  40.0
        D:3 |       5 |       0 |   0.0 |       2 |       0 |   0.0
            +---------+---------+-------+---------+---------+-------
